 Dungeon Crawl Stone Soup version 0.31.0-32-g396128a36d (webtiles) character file.

Game seed: 4011877365561896139

178825 PaiMei the Lord of Darkness (level 17, -3/144 HPs)
             Began as a Demonspawn Necromancer on Apr 5, 2024.
             Was the Champion of Kikubaaqudgha.
             Succumbed to a naga mage's bolt of poison
             ... on level 4 of the Snake Pit on Apr 6, 2024.
             The game lasted 01:59:19 (57885 turns).

PaiMei the Lord of Darkness (DsNe)                 Turns: 57885, Time: 01:59:19

Health: -3/144     AC: 22    Str: 12    XL:     17   Next: 59%
Magic:  31/36      EV: 16    Int: 24    God:    Kikubaaqudgha [******]
Gold:   2501       SH: 17    Dex: 16    Spells: 21/46 levels left

rFire   + . .        I - +10 flail of Division {heavy, rCorr Str+3 SInv}
rCold   + . .        Y - +1 kite shield {AC+3}
rNeg    . . .        W - +2 robe {rC+ rF+}
rPois   .            S - +0 helmet
rElec   +            X - +2 cloak {Will+}
rCorr   +            (gloves unavailable)
SInv    +            N - +0 pair of boots
Will    ++...        k - amulet of reflection
Stlth   ++           V - ring of poison resistance
HPRegen 0.44/turn    m - ring of Gabaepti {AC+4 Dex+3}
MPRegen 0.25/turn

%: reflection
@: lethally poisoned (-3 -> -65), poison vulnerable, slowed, very slow
A: thin metallic scales 3, robust 1, spiny 1, demonic magic 3, demonic touch 3
a: Renounce Religion, Unearth Wretches, Torment


You were on level 4 of the Snake Pit.
You worshipped Kikubaaqudgha.
Kikubaaqudgha was exalted by your worship.
You visited 6 branches of the dungeon, and saw 28 of its levels.
You also visited: Ice Cave.

You collected 2917 gold pieces.
You spent 416 gold pieces at shops.

Inventory:

Hand Weapons
 I - the +10 flail of Division (weapon) {heavy, rCorr Str+3 SInv}
   (You found it on level 13 of the Dungeon)

   Str+3:     It affects your strength (+3).
   SInv:      It lets you see invisible.
   rCorr:     It protects you from acid and corrosion.
Missiles
 C - 3 throwing nets
 D - 3 curare-tipped darts (quivered)
Armour
 h - the +3 hat of Pondering {ponderous, Will+ MP+10 Int+5}
   (You took it off Gastronok on level 2 of the Lair of Beasts)

   Int+5:     It affects your intelligence (+5).
   Will+:     It increases your willpower.
   MP+10:     It affects your magic capacity (+10).
 A - a +2 robe of willpower
 H - the +8 orange crystal plate armour {Archmagi, Int+3 Clar}
   (You found it on level 5 of the Lair of Beasts)

   Int+3:     It affects your intelligence (+3).
   Clar:      It protects you from confusion, rage, mesmerisation and fear.
 N - a +0 pair of boots (worn)
 S - a +0 helmet (worn)
 W - a +2 robe of resistance (worn)
 X - a +2 cloak of willpower (worn)
 Y - a +1 kite shield of protection (worn)
Magical Staves
 M - a staff of death
Jewellery
 j - a +4 ring of protection
 k - an amulet of reflection (around neck)
 m - the ring of Gabaepti (right hand) {AC+4 Dex+3}
   (You found it on level 2 of the Lair of Beasts)

   [ring of protection]

   AC+4:      It affects your AC (+4).
   Dex+3:     It affects your dexterity (+3).
 Q - a ring of protection from fire
 V - a ring of poison resistance (left hand)
 Z - a ring of willpower
Wands
 a - a wand of polymorph (4)
 q - a wand of roots (5)
 P - a wand of quicksilver (35)
 T - a wand of mindburst (18)
 U - a wand of charming (25)
Scrolls
 e - 12 scrolls of teleportation
 i - 3 scrolls of poison
 n - 4 scrolls of enchant weapon
 o - 3 scrolls of amnesia
 p - 3 scrolls of fear
 r - a scroll of silence
 t - 4 scrolls of immolation
 v - 2 scrolls of butterflies
 w - 5 scrolls of brand weapon
 x - a scroll of acquirement
 y - 7 scrolls of enchant armour
 G - 5 scrolls of revelation
 J - 2 scrolls of blinking
 K - a scroll of fog
 O - 2 scrolls of torment
Potions
 b - 3 potions of magic
 d - 5 potions of might
 f - 7 potions of heal wounds
 g - 2 potions of haste
 l - 3 potions of attraction
 u - 11 potions of curing
 z - 6 potions of brilliance
 B - 3 potions of resistance
 E - 4 potions of enlightenment
 F - 4 potions of cancellation
 R - a potion of ambrosia
Miscellaneous
 c - a phial of floods
 s - a phantom mirror
 L - a lightning rod (4/4)


   Skills:
 - Level 11.1 Fighting
 + Level 7.0 Maces & Flails
 + Level 9.4 Armour
 - Level 10.5 Dodging
 - Level 2.0 Stealth
 - Level 9.1 Shields
 + Level 15.3 Spellcasting
 + Level 18.3 Necromancy
 - Level 7.1 Evocations


You had 21 spell levels left.
You knew the following spells:

 Your Spells              Type           Power      Damage    Failure   Level
a - Necrotise             Necr           100%       1d9       0%          1
b - Vampiric Draining     Necr           82%        2d11      0%          3
c - Animate Dead          Necr           82%        N/A       1%          4
d - Curse of Agony        Necr           82%        N/A       1%          5
e - Dispel Undead         Necr           82%        3d27      1%          4
f - Martyr's Knell        Necr/Summ      58%        N/A       1%          4
g - Anguish               Hex/Necr       29%        N/A       1%          4

Your spell library contained the following spells:

 Spells                   Type           Power      Damage    Failure   Level
 Sublimation of Blood     Necr           82%        N/A       0%          2
 Kiss of Death            Conj/Necr      100%       2d13      1%          1
 Cigotuvi's Dreadful Rot  Necr/Alch/Air  94%        N/A       1%          2
 Death Channel            Necr           41%        N/A       1%          6
 Apportation              Tloc           36%        N/A       9%          1
 Magic Dart               Conj           72%        1d6       9%          1
 Sting                    Conj/Alch      72%        1d7       9%          1
 Summon Small Mammal      Summ           72%        N/A       9%          1
 Blink                    Tloc           36%        N/A       13%         2
 Call Imp                 Summ           36%        N/A       13%         2
 Ensorcelled Hibernation  Hex/Ice        36%        N/A       13%         2
 Confusing Touch          Hex            18%        N/A       26%         3
 Dazzling Flash           Conj/Hex       36%        N/A       26%         3
 Mephitic Cloud           Conj/Alch/Air  18%        N/A       26%         3
 Ozocubu's Armour         Ice            18%        N/A       26%         3
 Passwall                 Erth           18%        N/A       26%         3
 Swiftness                Air            18%        N/A       26%         3
 Tukima's Dance           Hex            18%        N/A       26%         3
 Volatile Blastmotes      Fire/Tloc      36%        2d13      26%         3
 Borgnjor's Revivificati  Necr           41%        N/A       30%         8
 Infestation              Necr           41%        N/A       30%         8
 Cause Fear               Hex            9%         N/A       63%         4
 Dimensional Bullseye     Hex/Tloc       9%         N/A       63%         4
 Iskenderun's Mystic Bla  Conj/Tloc      18%        2d6       63%         4
 Petrify                  Alch/Erth      18%        N/A       63%         4
 Haunt                    Necr/Summ      29%        N/A       86%         7
 Irradiate                Conj/Alch      9%         3d14      93%         5
 Metabolic Englaciation   Hex/Ice        9%         N/A       93%         5
 Silence                  Hex/Air        9%         N/A       93%         5
 Death's Door             Necr           41%        N/A       99%         9
 Conjure Ball Lightning   Conj/Air       9%         3x3d6     100%        6
 Sculpt Simulacrum        Ice/Alch       9%         N/A       100%        6
 Starburst                Conj/Fire      9%         6d5       100%        6
 Enfeeble                 Hex            9%         N/A       100%        7
 Summon Hydra             Summ           9%         N/A       100%        7
 Discord                  Hex            9%         N/A       100%        8
 Disjunction              Tloc           9%         N/A       100%        8
 Maxwell's Capacitive Co  Air            9%         ∞         100%        8


Dungeon Overview and Level Annotations

Branches:
Dungeon (15/15)            Temple (1/1) D:6            Lair (5/5) D:10
  Swamp (0/4) Lair:3        Snake (4/4) Lair:2        Slime (0/5) Lair:5
    Orc (2/2) D:12            Elf (1/3) Orc:2        Vaults (0/5) D:14
 Depths (0/4) D:15          IceCv (visited)

Altars:
Ashenzari
Cheibriados
Dithmenos
Fedhas
Gozag
Hepliaklqana
Kikubaaqudgha
Makhleb
Nemelex Xobeh
Okawaru
Qazlal
Ru
Sif Muna
Trog
Uskayaw
Vehumet
Wu Jian
Xom
Yredelemnul
Jiyva

Shops:
D:3 !::   Orc:2 [!(*   Snake:1 ([=![   Snake:3 *

Portals:
Trove: D:10 (give +8 demon whip)

Annotations:
D:4 Menkaure
D:13 1 runed translucent door
Lair:2 2 transporters, rundlesten's ghost, journeyman DrSh
Lair:5 exclusion: obsidian statue
Snake:3 6 transporters
Snake:4 3 runed translucent doors
Orc:2 Saint Roka


Innate Abilities, Weirdness & Mutations

You are completely covered in thin metallic scales. (AC +4, rElec)
You are robust. (+10% HP)
You are partially covered in sharp spines.
Spells you cast and wands you use may paralyse nearby enemies.
Your touch may irresistibly damage your foes and sap their willpower.


Message History

You block the naga mage's attack. The naga ritualist spits poison at you.
The splash of poison misses you.
The splash of poison hits the naga mage.
The naga mage is struck by your spines. The naga mage closely misses you.
The naga ritualist calls down the wrath of its god upon you.
You easily resist.
The naga mage hits you with a +0 halberd!
* * * LOW HITPOINT WARNING * * *
You feel extremely sick.
* * * LOW HITPOINT WARNING * * *
You are more poisoned.
* * * LOW HITPOINT WARNING * * *
You are more poisoned.
The naga mage spits poison at you.
You block the splash of poison... and reflect it back!
The splash of poison hits the naga mage.
You block the naga ritualist's attack.
The naga mage points at you and mumbles some strange words.
The bolt of poison hits you!
You are more poisoned.
* * * LOW HITPOINT WARNING * * *
Okay, then.
Unknown command.
Unknown command.
Unknown command.
Unknown command.
Unknown command.
Unknown command.
Unknown command.
Unknown command.
Unknown command.
Unknown command.
Okay, then.
Unknown command.
As you read the scroll of fear, it crumbles to dust.
You assume a fearsome visage.
The naga ritualist looks frightened!
The naga mage looks frightened!
The naga looks frightened!
You die...
Kikubaaqudgha rasps: "You have failed me!
Welcome... death!"

#.# #...# #.# #... ##.# #...
## ##..# #..##..#####' #...#
#..##.......... ##).#
#...'........... #..#
#'#####..)#............ ##..#
........<.#............ #...#
.......@N.#............
##...#########)###............
#............N)...............
###...........................
#....................?.....#
#.)........N########.......#
##.(........# ..#..#.......#
###..........##.....#.......#
#............'.S....#.......#


You could see a naga ritualist (toxic aura, curare, fleeing, catching breath), a
naga mage (fast, fleeing, catching breath) and a naga (fleeing).

Vanquished Creatures
  Jorgrun (Orc:1)
  Gastronok (Lair:2)
  Aizul (Snake:3)
  4 nagarajas (Snake:2)
  A reaper (IceCv)
  A stone giant (D:15)
  A very ugly thing (D:13)
  Nessos (D:15)
  3 dire elephants (Lair:5)
  Snorg (Orc:1)
  A fire dragon (D:15)
  2 salamander tyrants (Snake:2)
  A vault guard (D:14)
  Harold (Lair:1)
  4 hydras
  4 catoblepae
  3 centaur warriors
  8 two-headed ogres
  3 boulder beetles
  2 ogre magi
  5 anacondas
  An ice dragon (Lair:2)
  A death yak (Lair:5)
  10 naga warriors
  4 tengu warriors
  4 naga sharpshooters
  2 orc high priests
  9 shock serpents
  A deep elf knight (Orc:2)
  2 salamander mystics
  A skyshark (Lair:3)
  18 mana vipers
  A spectral anaconda (Lair:5)
  2 sea snakes (Snake:4)
  An arcanist (D:13)
  6 slime creatures
  6 naga ritualists
  A deep elf archer (Orc:2)
  7 deep elf pyromancers
  2 necromancers (Lair:5)
  3 orc sorcerers
  7 cyclopes
  6 orc knights
  5 ugly things (D:14)
  2 wolf spiders (Lair:2)
  A manticore (D:12)
  2 deep elf zephyrmancers (Orc:2)
  3 meliai (D:15)
  Maurice (D:8)
  12 salamanders
  7 elephants (Lair:5)
  3 kobold blastminers
  11 naga magi
  3 guardian serpents
  25 black mambas
  A black mamba (shapeshifter) (D:13)
  2 ice statues (IceCv)
  7 cane toads
  A torpor snail (Lair:4)
  6 komodo dragons
  An anaconda simulacrum (IceCv)
  An efreet (D:15)
  A tengu conjurer (D:14)
  2 freezing wraiths (D:14)
  A polar bear (Lair:4)
  Psyche (D:9)
  8 ice devils
  5 trolls
  Prince Ribbit (D:9)
  5 hornets (Lair:1)
  A spectral elephant (Lair:5)
  15 blink frogs
  A centaur simulacrum (D:14)
  5 wyverns
  2 shadows (D:12)
  A dire elephant simulacrum (IceCv)
  32 yaks
  Sigmund (D:5)
  3 wraiths
  2 basilisks
  Grum (D:9)
  12 vampire mosquitoes
  A death yak simulacrum (IceCv)
  A warg (Orc:1)
  2 spectral cane toads (Lair:5)
  3 steam dragons
  39 nagas
  A harpy simulacrum (IceCv)
  An acid dragon (D:10)
  17 water moccasins
  2 black bears
  3 sky beasts
  18 orc warriors
  4 ice beasts
  7 ogres (Orc:1)
  13 centaurs
  21 wolves
  2 phantoms (D:5)
  Blork the orc (D:4)
  A kobold brigand (D:11)
  5 bullfrogs
  2 two-headed ogre simulacra (IceCv)
  5 scorpions
  2 cane toad simulacra (IceCv)
  5 wights (D:10)
  12 killer bees (D:9)
  4 elephant simulacra
  7 howler monkeys
  A bombardier beetle (D:4)
  3 lava snakes (Lair:2)
  3 jellies
  6 hounds
  13 orc priests
  A gnoll bouda (D:7)
  3 iguanas
  26 orc wizards
  2 sleepcaps
  2 troll simulacra (IceCv)
  A spriggan simulacrum (IceCv)
  A polar bear simulacrum (IceCv)
  14 gnolls
  15 adders
  A naga simulacrum (IceCv)
  4 white imps
  3 ufetubi (IceCv)
  4 ribbon worms
  A dart slug (D:2)
  80 orcs
  12 endoplasms
  4 giant cockroaches
  9 goblins
  8 hobgoblins
  4 jackals (D:1)
  4 quokkas
  2 ball pythons
  7 bats
  3 frilled lizards
  10 kobolds
  3 rats
767 creatures vanquished.

Vanquished Creatures (collateral kills)
  Rupert (D:12)
  A nagaraja (Snake:3)
  A dire elephant (Lair:5)
  4 anacondas
  2 hydras
  2 boulder beetles
  3 naga warriors
  A two-headed ogre (Orc:2)
  3 tengu warriors
  An orc high priest (Orc:2)
  A naga sharpshooter (Snake:2)
  2 spectral death yaks (Lair:5)
  2 mana vipers (Snake:4)
  A skyshark (Lair:3)
  3 sea snakes (Snake:4)
  A swamp dragon (Lair:3)
  2 necromancers (Lair:5)
  2 cyclopes (D:14)
  3 salamanders
  6 black mambas
  6 elephants (Lair:5)
  A torpor snail (Lair:4)
  5 naga magi
  2 guardian serpents
  5 cane toads
  A dire elephant skeleton (Lair:5)
  2 rime drakes (Lair:5)
  6 komodo dragons
  2 hornets
  9 blink frogs
  A slime creature (D:12)
  19 yaks
  2 basilisks (Lair:5)
  3 vampire mosquitoes (Lair:3)
  A steam dragon (Snake:2)
  7 nagas
  3 water moccasins (Lair:4)
  3 wolves
  3 bullfrogs
  3 elephant simulacra (Lair:5)
  A jelly (Lair:5)
  2 orc priests
  3 orc wizards
  6 hell rats (Lair:4)
  A dart slug (D:2)
  An orc (D:11)
  A frilled lizard (D:1)
141 creatures vanquished.

Vanquished Creatures (others)
  A naga sharpshooter (Snake:2)
  A naga ritualist (Snake:2)
  3 ugly thing zombies (D:14)
  A salamander (Snake:2)
  5 shock serpent zombies
  A dire elephant zombie (Lair:5)
  17 naga zombies
  A mana viper zombie (Snake:4)
  2 sea snake zombies (Snake:4)
  A hydra zombie (Lair:5)
  5 black mamba zombies
  A tengu zombie (D:13)
  An ogre zombie (Orc:2)
  3 two-headed ogre zombies
  A cane toad zombie (Lair:5)
  2 blink frog zombies (Lair:3)
  An elf zombie (D:14)
  4 komodo dragon zombies
  3 salamander zombies
  A wyvern zombie (Lair:4)
  A water moccasin zombie (Lair:1)
  A troll zombie (D:12)
  3 wolf zombies (Lair:4)
  A basilisk zombie (Lair:5)
  8 orc zombies (Orc:2)
69 creatures vanquished.

Grand Total: 977 creatures vanquished

Notes
Turn   | Place    | Note
-------+----------+-------------------------------------------
     0 | D:1      | PaiMei the Demonspawn Necromancer began the quest for the
                  | Orb.
     0 | D:1      | Reached XP level 1. HP: 13/13 MP: 3/3
   192 | D:1      | Gained mutation: Your touch may inflict minor irresistible
                  | damage on your foes. [demonic ancestry]
   192 | D:1      | Reached XP level 2. HP: 15/19 MP: 1/5
  1157 | D:2      | Gained mutation: You are partially covered in sharp spines.
                  | [demonic ancestry]
  1157 | D:2      | Reached XP level 3. HP: 20/25 MP: 1/6
  1166 | D:1      | Learned a level 3 spell: Vampiric Draining
  1308 | D:2      | Reached skill level 1 in Fighting
  1428 | D:2      | Reached XP level 4. HP: 23/32 MP: 3/7
  1627 | D:2      | Reached skill level 5 in Necromancy
  2348 | D:3      | Gained mutation: You are partially covered in thin metallic
                  | scales. (AC +2) [demonic ancestry]
  2348 | D:3      | Reached XP level 5. HP: 38/38 MP: 1/9
  2508 | D:3      | Found Nuezoam's Distillery.
  2574 | D:3      | Bought a potion of curing for 42 gold pieces
  2919 | D:3      | Found Latefr Meubb's Vocational Training.
  2942 | D:3      | Found Qeobim's Book Shop.
  3180 | D:3      | Gained mutation: Spells you cast may paralyse adjacent
                  | enemies. [demonic ancestry]
  3180 | D:3      | Reached XP level 6. HP: 45/46 MP: 3/11
  3499 | D:4      | Noticed Blork the orc
  3519 | D:4      | Killed Blork the orc
  3642 | D:4      | Noticed Menkaure
  3779 | D:4      | Reached skill level 6 in Necromancy
  3856 | D:4      | Gained mutation: You are mostly covered in thin metallic
                  | scales. (AC +3) [demonic ancestry]
  3856 | D:4      | Reached XP level 7. HP: 52/52 MP: 7/12
  5089 | D:5      | Entered Level 5 of the Dungeon
  5395 | D:5      | Found a radiant altar of Vehumet.
  5396 | D:5      | Found a hide-covered altar of Uskayaw.
  5396 | D:5      | Found a shimmering altar of Xom.
  5404 | D:5      | Found a stormy altar of Qazlal.
  5788 | D:5      | Gained mutation: You are completely covered in thin
                  | metallic scales. (AC +4, rElec) [demonic ancestry]
  5788 | D:5      | Reached XP level 8. HP: 60/60 MP: 9/14
  5971 | D:5      | Noticed Sigmund
  5982 | D:6      | Found a staircase to the Ecumenical Temple.
  6009 | Temple   | Entered the Ecumenical Temple
  6014 | Temple   | Became a worshipper of Kikubaaqudgha
  6079 | D:6      | Reached skill level 7 in Necromancy
  6172 | D:6      | Reached skill level 5 in Spellcasting
  6341 | D:6      | Reached skill level 5 in Dodging
  6345 | D:6      | Reached skill level 5 in Fighting
  7149 | D:5      | Killed Sigmund
  7150 | D:5      | Gained mutation: Your touch may inflict irresistible damage
                  | on your foes. [demonic ancestry]
  7150 | D:5      | Reached XP level 9. HP: 69/69 MP: 10/17
  7161 | D:5      | Reached skill level 8 in Necromancy
  8113 | D:7      | Reached * piety under Kikubaaqudgha
  8113 | D:7      | Received a gift from Kikubaaqudgha
  8147 | D:7      | Learned a level 5 spell: Curse of Agony
  8152 | D:7      | Learned a level 4 spell: Animate Dead
  8829 | D:7      | Found a broken altar of Ashenzari.
 11859 | D:8      | Reached skill level 9 in Necromancy
 12236 | D:8      | Reached XP level 10. HP: 79/79 MP: 10/20
 12527 | D:8      | Identified the +1 robe "Deihoguq" {^Contam rC+ rN+}
 12554 | D:8      | Noticed Maurice
 12624 | D:8      | Identified the +0 plate armour of Music {rElec rCorr Dex+8
                  | Stlth-}
 12697 | D:8      | Maurice stole an amulet of faith
 12703 | D:8      | Maurice stole a +0 mace
 12705 | D:8      | Killed Maurice
 13065 | D:9      | Noticed Prince Ribbit
 13065 | D:9      | Noticed Psyche
 13545 | D:9      | Killed Prince Ribbit
 13550 | D:9      | Killed Psyche
 13697 | D:9      | Noticed Grum
 13715 | D:9      | Killed Grum
 14110 | D:9      | Reached ** piety under Kikubaaqudgha
 14141 | D:9      | Reached skill level 10 in Necromancy
 14625 | D:9      | Found a bloodstained altar of Trog.
 14767 | D:10     | Entered Level 10 of the Dungeon
 15136 | D:10     | Found a portal to a secret trove of treasure.
 15292 | D:10     | Found a staircase to the Lair.
 15329 | D:10     | Noticed a two-headed ogre
 15333 | D:10     | Killed a two-headed ogre
 15626 | D:10     | Gained mutation: Your touch may irresistibly damage your
                  | foes and sap their willpower. [demonic ancestry]
 15626 | D:10     | Reached XP level 11. HP: 87/87 MP: 5/23
 16051 | D:10     | Noticed a two-headed ogre
 16061 | D:10     | Killed a two-headed ogre
 16602 | D:11     | Noticed a two-headed ogre
 16610 | D:11     | Killed a two-headed ogre
 17001 | D:11     | Reached *** piety under Kikubaaqudgha
 17001 | D:11     | Received a gift from Kikubaaqudgha
 17123 | D:11     | Reached skill level 11 in Necromancy
 17206 | D:11     | Noticed a two-headed ogre
 17216 | D:11     | Killed a two-headed ogre
 17360 | D:11     | Noticed a boulder beetle
 17507 | D:11     | Killed a boulder beetle
 17603 | D:10     | Learned a level 4 spell: Anguish
 17608 | D:10     | Learned a level 4 spell: Martyr's Knell
 17609 | Lair:1   | Entered Level 1 of the Lair of Beasts
 18321 | Lair:1   | Noticed Harold
 18356 | Lair:1   | Killed Harold
 18357 | Lair:1   | Reached XP level 12. HP: 97/97 MP: 9/25
 18448 | Lair:1   | Noticed a catoblepas
 18461 | Lair:1   | Killed a catoblepas
 18480 | Lair:1   | Reached skill level 10 in Fighting
 18854 | Lair:1   | Reached skill level 12 in Necromancy
 19513 | Lair:2   | Found a transporter.
 19513 | Lair:2   | Noticed a seven-headed hydra
 19518 | Lair:2   | Found a transporter.
 19518 | Lair:2   | Noticed rundlesten's ghost (journeyman DrSh)
 19775 | Lair:2   | Reached skill level 10 in Spellcasting
 19776 | Lair:2   | Reached skill level 10 in Dodging
 20221 | Lair:2   | Noticed an ice dragon
 20228 | Lair:2   | Killed an ice dragon
 20277 | Lair:2   | Identified the ring of Gabaepti {AC+4 Dex+3}
 20555 | Lair:2   | Reached **** piety under Kikubaaqudgha
 20562 | Lair:2   | Noticed Gastronok
 20579 | Lair:2   | Killed Gastronok
 21490 | Lair:2   | Found a staircase to the Snake Pit.
 21827 | Lair:2   | Identified the +2 robe "Qidiox" {rN+ Int+3}
 21902 | Lair:3   | Noticed a catoblepas
 21924 | Lair:2   | Killed a catoblepas
 21925 | Lair:2   | Gained mutation: Spells you cast may paralyse nearby
                  | enemies. [demonic ancestry]
 21925 | Lair:2   | Reached XP level 13. HP: 105/106 MP: 5/27
 22137 | Lair:3   | Reached skill level 13 in Necromancy
 22272 | Lair:3   | Reached skill level 1 in Shields
 22272 | Lair:3   | Reached skill level 1 in Evocations
 23317 | Lair:3   | Found a staircase to the Swamp.
 24367 | Lair:4   | Reached ***** piety under Kikubaaqudgha
 24674 | Lair:4   | Reached skill level 14 in Necromancy
 25312 | Lair:5   | Entered Level 5 of the Lair of Beasts
 25343 | Lair:5   | Reached skill level 5 in Evocations
 25482 | Lair:5   | Found a viscous altar of Jiyva.
 25491 | Lair:5   | Found the +8 orange crystal plate armour {Archmagi, Int+3
                  | Clar}
 25555 | Lair:5   | Reached XP level 14. HP: 108/113 MP: 3/29
 25567 | Lair:5   | Reached skill level 5 in Shields
 26356 | Lair:5   | Found a staircase to the Slime Pits.
 28624 | Lair:5   | Reached skill level 15 in Necromancy
 29820 | D:3      | Bought a book of Touch for 264 gold pieces
 29825 | D:3      | Learned a level 4 spell: Dispel Undead
 30341 | D:12     | Reached skill level 1 in Armour
 30881 | D:12     | Noticed Rupert
 30888 | D:12     | Killed Rupert
 31069 | D:12     | Found a staircase to the Orcish Mines.
 31389 | D:13     | Identified the +10 flail of Division {heavy, rCorr Str+3
                  | SInv}
 31803 | D:13     | Reached XP level 15. HP: 112/118 MP: 25/31
 31912 | D:13     | Found a runed translucent door.
 31912 | D:13     | Noticed a fire giant
 31961 | D:13     | Reached ****** piety under Kikubaaqudgha
 33861 | D:14     | Found a gate to the Vaults.
 33870 | D:14     | Identified a scroll of acquirement
 34425 | D:15     | Entered Level 15 of the Dungeon
 35340 | D:15     | Found a hazy altar of Hepliaklqana.
 35406 | D:15     | Found a staircase to the Depths.
 35829 | D:15     | Found a broken altar of Ashenzari.
 35919 | D:15     | Noticed Nessos
 35927 | D:15     | Killed Nessos
 35973 | D:15     | Found an ornate altar of the Wu Jian Council.
 36051 | D:15     | Reached skill level 16 in Necromancy
 36407 | Orc:1    | Entered Level 1 of the Orcish Mines
 36601 | Orc:1    | Found a frozen archway.
 36671 | IceCv    | Entered an ice cave
 38050 | IceCv    | Reached skill level 5 in Armour
 39248 | Orc:2    | Entered Level 2 of the Orcish Mines
 39248 | Orc:2    | Noticed Snorg
 39262 | Orc:1    | Killed Snorg
 39340 | Orc:2    | Noticed Saint Roka
 39519 | Orc:2    | Found a staircase to the Elven Halls.
 39972 | Orc:2    | Noticed Jorgrun
 40361 | Orc:1    | Killed Jorgrun
 41523 | Orc:2    | HP: 5/118 [Saint Roka/+0 great sword of electrocution (20)]
 42698 | Orc:2    | Gained mutation: Spells you cast and wands you use may
                  | paralyse nearby enemies. [demonic ancestry]
 42698 | Orc:2    | Reached XP level 16. HP: 125/125 MP: 24/33
 43296 | Orc:2    | Found Moitiosh's Assorted Antiques.
 43296 | Orc:2    | Found Xer Agar's Antique Armour Boutique.
 43298 | Orc:2    | Found Coutex's Antique Weapon Emporium.
 43298 | Orc:2    | Found Bemu's Distillery.
 43308 | Orc:2    | Bought 2 potions of heal wounds for 110 gold pieces
 44771 | Lair:2   | Received a gift from Kikubaaqudgha (forbidden knowledge)
 44900 | Elf:1    | Entered Level 1 of the Elven Halls
 45195 | Orc:2    | Reached skill level 1 in Maces & Flails
 46338 | Snake:1  | Entered Level 1 of the Snake Pit
 47105 | Snake:1  | Found Qeidghozin's Armour Shop.
 47219 | Snake:1  | Found Hiebb's Jewellery Boutique.
 47222 | Snake:1  | Found Oligufot's Distillery.
 47222 | Snake:1  | Found Irror's Weapon Shop.
 47227 | Snake:1  | Found Deblotuq's Antique Armour Shop.
 48257 | Snake:2  | Reached skill level 17 in Necromancy
 49937 | Snake:2  | Identified the +0 ring mail of the Shishi {MP+9 Dex-2 SInv}
 51654 | Snake:3  | Identified the +4 long sword of Doom {heavy, +Blink rF-
                  | Int+2 Dex+6}
 52470 | Snake:2  | Reached skill level 5 in Maces & Flails
 53906 | Snake:3  | Found a transporter.
 53918 | Snake:3  | Found Pamyng's Mass Market.
 53936 | Snake:3  | Found a transporter.
 54022 | Snake:3  | Identified the serpent talisman of Agoirug {rF- rN++ Str+4}
 54022 | Snake:3  | Noticed Aizul
 54614 | Snake:3  | Found a transporter.
 54626 | Snake:3  | Gained mutation: You are robust. (+10% HP) [demonic
                  | ancestry]
 54626 | Snake:3  | Reached XP level 17. HP: 125/144 MP: 35/35
 54626 | Snake:3  | Found a transporter.
 54692 | Snake:3  | Found a transporter.
 55580 | Snake:3  | Killed Aizul
 56026 | Snake:3  | Found a transporter.
 56060 | Snake:4  | Entered Level 4 of the Snake Pit
 56135 | Snake:4  | Reached skill level 15 in Spellcasting
 56469 | Snake:4  | Found a runed translucent gate.
 56470 | Snake:4  | Found a runed translucent gate.
 56470 | Snake:4  | Found a runed translucent gate.
 56482 | Snake:4  | Reached skill level 18 in Necromancy
 57885 | Snake:4  | Succumbed to a naga mage's bolt of poison

Illustrated notes

Levels and vault maps discovered:
D:1:      tekkud_arrival_beachfront_property, layout_basic
D:2:      layout_basic, st_stairs_14, chequers_serial_rivers_room_b
D:3:      layout_rooms, serial_shops, shop, shop_fountains,
          nicolae_shop_vocational
D:4:      kennysheep_big_flooded_room, layout_basic, uniq_menkaure,
          uniq_blork_the_orc
D:5:      layout_basic, minmay_overflow_temple_star_hex,
          nicolae_kite_square_tiling_tiny, hangedman_decor_growths,
          chequers_big_river, kennysheep_potato, uniq_sigmund
D:6:      layout_basic, minmay_temple_entry_drinking_statues,
          kennysheep_small_square
D:7:      layout_basic, ashenzari_altar_1, centaur_isle
D:8:      layout_cave_pools, special_room [special_room_orc], nicolae_tricolors,
          uniq_maurice
D:9:      layout_cave_pods, kennysheep_mini_moat, uniq_psyche,
          uniq_prince_ribbit1, uniq_grum
D:10:     layout_basic, lair_entry_dummy, nicolae_trove_entry_free_sample,
          hex_tiny, minivault_25
D:11:     layout_small_grid, david_defended_altar_orc
D:12:     layout_loops_ring, orc_0_dummy, uniq_rupert
D:13:     layout_basic, kennysheep_treasure_room
D:14:     layout_cave_pods, david_vaults_5, chequers_serial_rivers_micro_d
D:15:     grunt_enter_depths_snipers, layout_loops_corners,
          nicolae_wu_jian_wuxing_cycle, hangedman_feature_mirror,
          minmay_microvault, uniq_nessos
Temple:   minmay_freezing_vapour_temple
Lair:1:   layout_regular_city, chequers_serial_rivers_marsh,
          dreamdust_wasp_nest, infiniplex_staircase_pool_2, uniq_harold
Lair:2:   dragon1_lemuel, layout_cave_pods, nicolae_snake_entry_warm_welcome,
          gammafunk_ghost_arena, nicolae_lair_run_with_the_wolves,
          grunt_megastairs_2, uniq_gastronok
Lair:3:   layout_hall_layers, minmay_swamp_entry_swarm, serial_bayou_pond_a,
          hibernation_bobbens
Lair:4:   layout_loops_ring, grunt_megastairs_3
Lair:5:   due_jungle_book, layout_loops_ring, slime_entry_2, lemuel_fruit_tree
Snake:1:  layout_chambers, serial_shops, shop, minmay_shoptagon
Snake:2:  layout_chambers, basic_altar, nicolae_zig_zag_zippers
Snake:3:  hangedman_cross_stitches, layout_misc_corridors, minmay_shop_mass,
          serial_nicolae_subway, nicolae_sub_station_crystal,
          nicolae_sub_station_metal, nicolae_sub_station_stone, uniq_aizul
Snake:4:  grunt_snake_rune_pools, layout_cave_town, ebering_ghost_gozag,
          nicolae_shop_i_like_small_books_too, nicolae_snake_snake_lake
Orc:1:    layout_caves, portal_ice_cave_demonic_guard
Orc:2:    grunt_orc_tribal_feast, layout_caves, basic_altar, serial_shops,
          nicolae_lakefront_shop, uniq_jorgrun, uniq_saint_roka, uniq_snorg
Elf:1:    minmay_elf_arrival_plus, layout_onion_city, basic_altar, minivault_28

Skill      XL: |  1  2  3  4  5  6  7  8  9 10 11 12 13 14 15 16 17 |
---------------+----------------------------------------------------+-----
Dodging        | 2 3 4 5 6 8 9 10 | 10.5
Stealth        | 2 |  2.0
Fighting       | 1 2 3 4 5 7 8 9 11 | 11.1
Necromancy     | 5 6 7 9 10 11 12 14 15 16 17 18 | 18.3
Spellcasting   | 3 4 5 6 8 9 10 11 12 13 14 15 | 15.3
Shields        | 4 7 9 |  9.1
Evocations     | 5 7 |  7.1
Armour         | 2 6 8 9 |  9.4
Maces & Flails | 5 7 |  7.0

Action                     |  1- 3 |  4- 6 |  7- 9 | 10-12 | 13-15 | 16-18 || total
---------------------------+-------+-------+-------+-------+-------+-------++-------
  Melee: Mace              |    24 |    29 |    48 |       |       |       ||   101
         Touch             |     3 |     8 |    14 |    28 |       |       ||    53
         Staff             |       |       |    27 |    87 |       |       ||   114
         Dagger            |       |       |       |   180 |   596 |       ||   776
         Punch             |       |       |       |     2 |       |       ||     2
         Flail             |       |       |       |       |   237 |   487 ||   724
   Cast: Necrotise         |    39 |    84 |   117 |    92 |    36 |    12 ||   380
         Vampiric Draining |       |    10 |    83 |   175 |   217 |    82 ||   567
         Curse of Agony    |       |       |       |    15 |    98 |   116 ||   229
         Animate Dead      |       |       |       |     4 |    18 |    15 ||    37
         Martyr's Knell    |       |       |       |     2 |     7 |       ||     9
         Dispel Undead     |       |       |       |       |    31 |       ||    31
         Anguish           |       |       |       |       |     2 |     4 ||     6
 Invoke: Receive Forbidden |       |       |       |       |       |     1 ||     1
    Use: Scroll            |       |       |       |    17 |    13 |     3 ||    33
         Potion            |       |       |       |     2 |     4 |     5 ||    11
   Stab: Paralysed         |       |     6 |    26 |    69 |   159 |    76 ||   336
         Distracted        |       |       |     1 |     1 |     4 |     5 ||    11
         Sleeping          |       |       |       |       |     1 |     6 ||     7
 Armour: Robe              |    23 |    28 |   175 |   193 |   736 |   518 ||  1673
  Dodge: Dodged            |    20 |    38 |   164 |   248 |   674 |   463 ||  1607
  Block: Other             |     2 |    11 |    48 |    39 |       |       ||   100
         Reflection        |       |     1 |    29 |     6 |    31 |    96 ||   163
         Buckler           |       |       |       |    89 |   297 |       ||   386
         Kite shield       |       |       |       |       |   639 |   919 ||  1558
